 Dungeon Crawl Stone Soup version 0.23.2-1-ga50397a (webtiles) character file.

Game seed: 6873279657963866925

28 sankara the Poker (level 3, 27/27 HPs)
             Began as a Merfolk Gladiator on May 13, 2019.
             Quit the game on level 1 of the Dungeon on May 14, 2019.
             The game lasted 00:06:48 (626 turns).

sankara the Poker (Merfolk Gladiator)                Turns: 626, Time: 00:06:49

Health: 27/27      AC:  4    Str: 15    XL:     3   Next: 14%
Magic:  3/3        EV: 14    Int:  7    God:
Gold:   27         SH:  0    Dex: 15    Spells: 2/2 levels left

rFire    . . .     SeeInvis .   a - +0 trident
rCold    . . .     Gourm    .   (no shield)
rNeg     . . .     Faith    .   b - +0 leather armour
rPois    .         Spirit   .   c - +0 helmet
rElec    .         Reflect  .   (no cloak)
rCorr    .         Harm     .   (no gloves)
MR       .....                  (no boots)
Stlth    +.........             (no amulet)
HPRegen  0.09/turn              (no ring)
MPRegen  0.08/turn              (no ring)

@: no status effects
A: change form in water, swift swim, stealthy swim
a: no special abilities


You were on level 1 of the Dungeon.
You were not hungry.

You visited 1 branch of the dungeon, and saw 1 of its levels.

You collected 27 gold pieces.

Inventory:

Hand Weapons
 a - a +0 trident (weapon)
 h - a +0 dagger
   (You took it off a goblin on level 1 of the Dungeon)
Missiles
 d - 3 throwing nets (quivered) {=f, !d}
Armour
 b - a +0 leather armour (worn)
 c - a +0 helmet (worn)
Scrolls
 i - a scroll of magic mapping {unknown}
Potions
 e - 2 potions of lignification {unknown}
 j - a potion of might {unknown}
Comestibles
 f - 3 rations
 g - 4 chunks of flesh {@w0}


   Skills:
 - Level 2.1 Fighting
 * Level 5.6 Polearms
 - Level 2.0 Throwing
 + Level 4.6 Dodging


You had 2 spell levels left.
You didn't know any spells.
Your spell library was empty.

Dungeon Overview and Level Annotations

Branches:
Dungeon (1/15)

Altars:


Message History

You hit the giant cockroach but do no damage.
The giant cockroach bites you.
You puncture the giant cockroach!
You kill the giant cockroach!
No target in view!
No target in view!
No target in view!
No target in view!
i - a scroll labeled IMAERYGUYN You now have 27 gold pieces (gained 16).
Found a stone staircase leading down.
Key pressed, stopping explore.
A rat comes into view.
A rat is nearby!
A rat is nearby!
A rat is nearby!
A rat is nearby!
A rat is nearby!
A rat is nearby!
A rat is nearby!
A rat is nearby!
A rat is nearby!
A rat is nearby!
A rat is nearby!
Attack whom?
Press: ? - help, Dir - move target cursor, f - rat
Aim: a rat You reach to attack!
You hit the rat.
You kill the rat!
No target in view!
No target in view!
No target in view!
No target in view!
No target in view!
No target in view!
No target in view!
You see here a rat corpse.
You butcher the rat corpse.
g - 2 chunks of flesh {@w0} (gained 1)
You see here a rat skeleton.
f - 3 rations (gained 1)
A dart slug comes into view.
Attack whom?
Press: ? - help, Dir - move target cursor, f - dart slug
Aim: a dart slug (clinging, resting)
You reach to attack!
The helpless dart slug fails to defend itself.
You puncture the dart slug!
The dart slug is almost dead.
You puncture the dart slug!
You kill the dart slug!
No target in view!
You see here a dart slug corpse.
You butcher the dart slug corpse.
g - 3 chunks of flesh {@w0} (gained 1) Unknown command.
You see here a scale mail.
There is a stone staircase leading down here.
A leopard gecko comes into view.
The leopard gecko hisses angrily.
A frilled lizard comes into view.
There are monsters nearby!
Attack whom?
Press: ? - help, Dir - move target cursor, f - leopard gecko
Aim: a leopard gecko (clinging)
You reach to attack!
The frilled lizard hisses angrily.
You puncture the leopard gecko!
You kill the leopard gecko!
Attack whom?
Press: ? - help, Dir - move target cursor, f - frilled lizard
Aim: a frilled lizard You reach to attack!
You hit the frilled lizard.
You kill the frilled lizard!
You have reached level 3!
Your experience leads to an increase in your attributes!
Increase (S)trength, (I)ntelligence, or (D)exterity?
You feel stronger.
You see here a frilled lizard corpse.
You butcher the frilled lizard corpse.
g - 4 chunks of flesh {@w0} (gained 1)
You see here a frilled lizard skeleton.
An ooze comes into view.
The ooze quivers.
Attack whom?
Press: ? - help, Dir - move target cursor, f - ooze
Aim: an ooze You reach to attack!
You puncture the ooze!
The ooze is severely wounded.
The ooze closely misses you.
You hit the ooze.
You kill the ooze!
No target in view!
No target in view!
j - a yellow potion A bat and a hobgoblin come into view.
There are monsters nearby!
Welcome back, sankara the Merfolk Gladiator.
Press ? for a list of commands and other information.
Are you sure you want to abandon this character and quit the game? (Confirm with "yes".)

.b. ..# g.#
..# # .
..#.#..
#####.......
#...........
#.##@.....#
##.###....##
#...###..##
#....#####
#.....#
#.....#
#....#####
#...###..##
# #
#..###....##
.#...


You could see a hobgoblin (sleeping) and a bat (sleeping).

Vanquished Creatures
  A gnoll (D:1)
  An ooze (D:1)
  A dart slug (D:1)
  A leopard gecko (D:1)
  A bat (D:1)
  A giant cockroach (D:1)
  A goblin (D:1)
  2 hobgoblins (D:1)
  A frilled lizard (D:1)
  2 rats (D:1)
12 creatures vanquished.

Notes
Turn   | Place    | Note
-------+----------+-------------------------------------------
     0 | D:1      | sankara the Merfolk Gladiator began the quest for the Orb.
     0 | D:1      | Reached XP level 1. HP: 16/16 MP: 1/1
    40 | D:1      | HP: 4/16 [gnoll/+0 spear (9)]
    44 | D:1      | HP: 1/16 [gnoll/+0 spear (1)]
    50 | D:1      | Reached skill level 5 in Polearms
    50 | D:1      | Reached XP level 2. HP: 2/22 MP: 2/2
   594 | D:1      | Reached XP level 3. HP: 27/27 MP: 3/3
   626 | D:1      | Quit the game

Skill      XL: |  1 |
---------------+----+-----
Polearms       | 5 |  5.6
Fighting       | |  2.1
Throwing       | |  2.0
Dodging        | |  4.6

Action                   || total
-------------------------++-------
Melee: Trident           ||    27
Throw: Throwing net      ||     3
 Stab: Sleeping          ||     2
Dodge: Dodged            ||    10

Levels and vault maps discovered:
D:1:      lightli_arrival_noodles, layout_loops_cross, minivault_19

Table legend:
 A = Turns spent in this place as a percentage of turns spent in the entire game.
 B = Non-inter-level travel turns spent in this place as a percentage of non-inter-level travel turns spent in the entire game.
 C = Inter-level travel turns spent in this place as a percentage of turns spent in this place.
 D = Turns resting spent in this place as a percentage of non-inter-level travel turns spent in this place.
 E = Turns spent auto-exploring this place as a percentage of non-inter-level travel turns spent in this place.
 F = Non-inter-level travel turns spent in this place divided by the number of levels of this place that you've seen.
                   A       B       C       D       E      F
               +-------+-------+-------+-------+-------+----------------------
         Total | 100.0 | 100.0 |   0.0 |  43.5 |  41.2 | 626.0
       Dungeon | 100.0 | 100.0 |   0.0 |  43.5 |  41.2 | 626.0
               +-------+-------+-------+-------+-------+----------------------

Table legend:
 A = Kills in this place as a percentage of kills in entire the game.
 B = Kills by you in this place as a percentage of kills by you in the entire game.
 C = Kills by friends in this place as a percentage of kills by friends in the entire game.
 D = Other kills in this place as a percentage of other kills in the entire game.
 E = Experience gained in this place as a percentage of experience gained in the entire game.
 F = Experience gained in this place divided by the number of levels of this place that you have seen.
                   A       B       C       D       E      F
               +-------+-------+-------+-------+-------+----------------------
         Total | 100.0 | 100.0 |   N/A |   N/A | 100.0 |  41.0
       Dungeon | 100.0 | 100.0 |   N/A |   N/A | 100.0 |  41.0
               +-------+-------+-------+-------+-------+----------------------
